 Dungeon Crawl Stone Soup version 0.29-a0-330-g52719c12eb (webtiles) character file.

Game seed: 486250552991576774

148 Crownlay the Chiller (level 5, -1/37 HPs)
             Began as a Gnoll Ice Elementalist on Apr 30, 2022.
             Slain by an iguana (8 damage)
             ... on level 4 of the Dungeon.
             The game lasted 00:04:07 (3886 turns).

Crownlay the Chiller (Gnoll Ice Elementalist)       Turns: 3886, Time: 00:04:07

Health: -1/37      AC:  7    Str:  7    XL:     5   Next: 30%
Magic:  12/12      EV: 13    Int: 17    God:
Gold:   158        SH:  0    Dex: 12    Spells: 7/14 levels left

rFire   . . .      SeeInvis .   c - +0 dagger
rCold   . . .      Faith    .   (no shield)
rNeg    . . .      Spirit   .   a - +0 robe
rPois   .          Reflect  .   o - +0 helmet
rElec   .          Harm     .   n - +0 cloak
rCorr   .          Rampage  .   d - +1 pair of gloves
Will    .....                   t - +0 pair of boots
Stlth   +++.......              (no amulet)
HPRegen 0.12/turn               (no ring)
MPRegen 0.13/turn               (no ring)

@: no status effects
A: fangs 1, strong nose, distributed training
a: no special abilities


You were on level 4 of the Dungeon.
You visited 1 branch of the dungeon, and saw 4 of its levels.

You collected 158 gold pieces.

Inventory:

Hand Weapons
 c - a +0 dagger (weapon)
Missiles
 l - 2 javelins
Armour
 a - a +0 robe (worn)
 d - a +1 pair of gloves (worn)
 n - a +0 cloak (worn)
 o - a +0 helmet (worn)
 t - a +0 pair of boots (worn)
Jewellery
 e - an amulet of regeneration
Wands
 r - a wand of polymorph (11)
Scrolls
 f - a scroll of fog
 m - a scroll of teleportation
 s - a scroll of immolation {unknown}
 v - a scroll of identify
 w - a scroll of torment {unknown}
Potions
 b - a potion of magic
 g - 3 potions of curing
 h - a potion of mutation {unknown}
 i - 2 potions of heal wounds {unknown}
 j - a potion of brilliance {unknown}
 k - a potion of invisibility {unknown}
 p - a potion of cancellation {unknown}
 q - a potion of berserk rage {unknown}
 u - a potion of lignification {unknown}


   Skills:
 + Level 1.4 Fighting
 + Level 1.4 Short Blades
 + Level 1.4 Long Blades
 + Level 1.4 Axes
 + Level 1.4 Maces & Flails
 + Level 1.4 Polearms
 + Level 1.4 Staves
 + Level 1.4 Slings
 + Level 1.4 Bows
 + Level 1.4 Crossbows
 + Level 1.4 Throwing
 + Level 1.4 Armour
 + Level 4.7 Dodging
 + Level 4.4 Stealth
 + Level 1.4 Shields
 + Level 1.4 Unarmed Combat
 + Level 5.2 Spellcasting
 + Level 1.1 Conjurations
 + Level 1.1 Hexes
 + Level 1.1 Summonings
 + Level 1.1 Necromancy
 + Level 1.1 Translocations
 + Level 1.1 Transmutations
 + Level 1.1 Fire Magic
 + Level 7.2 Ice Magic
 + Level 1.1 Air Magic
 + Level 1.1 Earth Magic
 + Level 1.1 Poison Magic
 + Level 1.6 Invocations
 + Level 1.4 Evocations


You had 7 spell levels left.
You knew the following spells:

 Your Spells              Type           Power      Damage    Failure   Level
a - Freeze                Ice            100%       1d11      1%          1
b - Frozen Ramparts       Ice            56%        1d7       2%          3
c - Ozocubu's Armour      Ice            28%        N/A       2%          3

Your spell library contained the following spells:

 Spells                   Type           Power      Damage    Failure   Level
 Ensorcelled Hibernation  Hex/Ice        36%        N/A       3%          2
 Passwall                 Tmut/Erth      6%         N/A       13%         2
 Scorch                   Fire           16%        2d5       13%         2
 Sublimation of Blood     Necr           8%         N/A       13%         2
 Conjure Flame            Conj/Fire      8%         6-21      26%         3
 Ignite Poison            Fire/Tmut/Pois 8%         N/A       26%         3
 Swiftness                Air            8%         N/A       26%         3
 Hailstorm                Conj/Ice       18%        3d6       26%         4
 Flame Wave               Conj/Fire      8%         2d5       65%         4
 Petrify                  Tmut/Erth      8%         N/A       65%         4
 Sticky Flame             Conj/Fire      8%         2d3       65%         4
 Irradiate                Conj/Tmut      4%         3d14      94%         5
 Dispersal                Tloc           4%         N/A       100%        6
 Summon Cactus Giant      Summ           4%         N/A       100%        6
 Disjunction              Tloc           4%         N/A       100%        8


Dungeon Overview and Level Annotations

Branches:
Dungeon (4/15)
 Temple: D:4-7

Altars:

Shops:
D:1 *


Innate Abilities, Weirdness & Mutations

You have very sharp teeth.
Your uncanny sense of smell can sniff out nearby items.
Your experience applies equally to all skills.


Message History

The adder bites you but does no damage.
You hit the adder but do no damage. Your bite misses the adder.
The adder is lightly wounded.
The orc misses you. The adder misses you.
You completely miss the adder.
The adder is lightly wounded.
The orc closely misses you. The orc completely misses you.
The orc warrior hits you from afar with a +0 glaive!!
Ouch! That really hurt!
The adder barely misses you.
You are too injured to fight recklessly!
You are too injured to fight recklessly!
You are too injured to fight recklessly!
You are too injured to fight recklessly!
You are too injured to fight recklessly!
You are too injured to fight recklessly!
You are too injured to fight recklessly!
You are too injured to fight recklessly!
You are too injured to fight recklessly!
You are too injured to fight recklessly!
You are too injured to fight recklessly!
You are too injured to fight recklessly!
The adder attacks as you move away! The adder bites you but does no damage.
The orc warrior barely misses you. The adder attacks as you move away!
The adder closely misses you. The orc barely misses you. The adder misses you.
The adder attacks as you move away! The adder barely misses you.
The orc attacks as you move away! The orc closely misses you.
The adder attacks as you move away! The adder bites you.
You are poisoned.
The adder poisons you!
You feel sick. The iguana attacks as you move away! The iguana bites you!
* * * LOW HITPOINT WARNING * * *
x2 You feel sick.
Okay, then.
You feel better. The adder bites you.
* * * LOW HITPOINT WARNING * * *
The iguana completely misses you. The adder barely misses you.
The iguana attacks as you move away! The iguana bites you!
You die...

...##.. #..........#
#..........# #..........# ...
#...# ....# ...##+########
#...# ....###
............###l.o##.......
####..........#.@So........>.
...#..........'...oo.....[...
...#..........#..............
...#..........#..............
...#..........#..............
...#..........#..............
'###..........#############..
...###'###+##... # ...#...#
+....


You could see an orc warrior, an iguana, an adder and 3 orcs.

Vanquished Creatures
  3 gnolls (D:3)
  5 adders
  2 dart slugs
  4 orcs (D:3)
  9 endoplasms
  A giant cockroach (D:3)
  8 goblins
  A hobgoblin (D:3)
  7 jackals
  2 kobolds (D:1)
  A quokka (D:2)
  7 ball pythons
  A bat (D:2)
  6 frilled lizards
  11 rats
68 creatures vanquished.

Vanquished Creatures (others)
  A plant (D:4)
1 creature vanquished.

Grand Total: 69 creatures vanquished

Notes
Turn   | Place    | Note
-------+----------+-------------------------------------------
     0 | D:1      | Crownlay the Gnoll Ice Elementalist began the quest for the
                  | Orb.
     0 | D:1      | Reached XP level 1. HP: 13/13 MP: 6/6
   161 | D:1      | Found Licoestu's Assorted Antiques.
   282 | D:1      | Reached XP level 2. HP: 16/19 MP: 4/7
  1018 | D:1      | Reached XP level 3. HP: 25/25 MP: 9/9
  1136 | D:2      | Reached skill level 5 in Spellcasting
  1469 | D:2      | Learned a level 3 spell: Frozen Ramparts
  1473 | D:2      | Learned a level 3 spell: Ozocubu's Armour
  1607 | D:2      | Reached skill level 1 in Invocations
  1754 | D:2      | Found a faded altar of an unknown god.
  1757 | D:2      | You fall into a shaft and drop 1 floor!
  1768 | D:3      | Reached skill level 1 in Fighting
  1768 | D:3      | Reached skill level 1 in Short Blades
  1768 | D:3      | Reached skill level 1 in Long Blades
  1768 | D:3      | Reached skill level 1 in Axes
  1768 | D:3      | Reached skill level 1 in Maces & Flails
  1768 | D:3      | Reached skill level 1 in Polearms
  1768 | D:3      | Reached skill level 1 in Staves
  1768 | D:3      | Reached skill level 1 in Slings
  1768 | D:3      | Reached skill level 1 in Bows
  1768 | D:3      | Reached skill level 1 in Crossbows
  1768 | D:3      | Reached skill level 1 in Throwing
  1768 | D:3      | Reached skill level 1 in Armour
  1768 | D:3      | Reached skill level 1 in Shields
  1768 | D:3      | Reached skill level 1 in Unarmed Combat
  1768 | D:3      | Reached skill level 1 in Evocations
  2166 | D:2      | Reached XP level 4. HP: 16/32 MP: 11/11
  2833 | D:3      | Reached skill level 1 in Conjurations
  2833 | D:3      | Reached skill level 1 in Hexes
  2833 | D:3      | Reached skill level 1 in Summonings
  2833 | D:3      | Reached skill level 1 in Necromancy
  2833 | D:3      | Reached skill level 1 in Translocations
  2833 | D:3      | Reached skill level 1 in Transmutations
  2833 | D:3      | Reached skill level 1 in Fire Magic
  2833 | D:3      | Reached skill level 1 in Air Magic
  2833 | D:3      | Reached skill level 1 in Earth Magic
  2833 | D:3      | Reached skill level 1 in Poison Magic
  3166 | D:3      | Reached XP level 5. HP: 37/37 MP: 12/12
  3875 | D:4      | Noticed an orc warrior
  3886 | D:4      | Slain by an iguana

Illustrated notes

Levels and vault maps discovered:
D:1:      eino_arrival_cavern_a, layout_basic, serial_shops, shop
D:2:      layout_basic, chequers_ecumenical_altar_simple_redux
D:3:      layout_loops_cross, kennysheep_generic_room_5
D:4:      kennysheep_kobold_camp, layout_gridville, uniq_blork_the_orc,
          uniq_robin

Skill      XL: |  1  2  3  4 |
---------------+-------------+-----
Spellcasting   | 5 |  5.2
Invocations    | 1 |  1.6
Fighting       | 1 |  1.4
Short Blades   | 1 |  1.4
Long Blades    | 1 |  1.4
Axes           | 1 |  1.4
Maces & Flails | 1 |  1.4
Polearms       | 1 |  1.4
Staves         | 1 |  1.4
Slings         | 1 |  1.4
Bows           | 1 |  1.4
Crossbows      | 1 |  1.4
Throwing       | 1 |  1.4
Armour         | 1 |  1.4
Shields        | 1 |  1.4
Unarmed Combat | 1 |  1.4
Evocations     | 1 |  1.4
Conjurations   | 1 |  1.1
Hexes          | 1 |  1.1
Summonings     | 1 |  1.1
Necromancy     | 1 |  1.1
Translocations | 1 |  1.1
Transmutations | 1 |  1.1
Fire Magic     | 1 |  1.1
Air Magic      | 1 |  1.1
Earth Magic    | 1 |  1.1
Poison Magic   | 1 |  1.1
Dodging        | |  4.7
Stealth        | |  4.4
Ice Magic      | |  7.2

Action                   |  1- 3 |  4- 6 || total
-------------------------+-------+-------++-------
Melee: Dagger            |    90 |   147 ||   237
       Bite              |    11 |    15 ||    26
       Punch             |     1 |     3 ||     4
 Cast: Freeze            |    16 |     1 ||    17
       Frozen Ramparts   |     2 |     6 ||     8
       Ozocubu's Armour  |     2 |     2 ||     4
  Use: Scroll            |       |     3 ||     3
       Potion            |       |     1 ||     1
 Stab: Sleeping          |     9 |     4 ||    13
Armor: Robe              |    20 |    47 ||    67
Dodge: Dodged            |    61 |   123 ||   184

Table legend: (Time is in decaauts)
 A = Elapsed time spent in this place.
 B = Non-inter-level travel time spent in this place.
 C = Inter-level travel time spent in this place.
 D = Time resting spent in this place.
 E = Time spent auto-exploring this place.
 F = Levels seen in this place.
 G = Mean time per level.
                   A        B        C        D        E       F      G
               +--------+--------+--------+--------+--------+-----+--------+
         Total |   3874 |   3752 |    122 |      0 |   3116 |   4 |  968.5 |
       Dungeon |   3874 |   3752 |    122 |      0 |   3116 |   4 |  968.5 |
               +--------+--------+--------+--------+--------+-----+--------+

Top non-repeatable levels by time:
     D:2: 1434 daAuts
     D:3: 1238 daAuts
     D:1: 1105 daAuts
     D:4: 95 daAuts
